 Dungeon Crawl Stone Soup version 0.21.1-1-g345015f (webtiles) character file.

3089 Mirai the Cleaver (level 9, -3/106 HPs)
             Began as a Demonspawn Berserker on Mar 2, 2018.
             Was an Elder of Trog.
             Slain by an orc warrior
             ... wielding a +0 scimitar
              (13 damage)
             ... on level 7 of the Dungeon.
             The game lasted 00:18:09 (6421 turns).

Mirai the Cleaver (Demonspawn Berserker)            Turns: 6421, Time: 00:18:11

Health: -3/106     AC:  9    Str: 24    XL:     9   Next: 59%
Magic:  9/9        EV: 15    Int:  8    God:    Trog [****..]
Gold:   340        SH:  0    Dex: 15    Spells: 8/8 levels left

rFire    . . .     SeeInvis .   D - +0 war axe
rCold    . . .     Gourm    .   (no shield)
rNeg     + . .     Faith    .   b - +1 leather armour {rN+}
rPois    .         Spirit   .   (no helmet)
rElec    .         Reflect  .   q - +2 cloak
rCorr    .         Harm     .   (no gloves)
MR       ++...                  (no boots)
Stlth    ..........             (no amulet)
HPRegen  1.27/turn              j - ring of wizardry
MPRegen  0.11/turn              (no ring)

@: berserking, regenerating, drained, very quick
A: hooves 1, yellow scales 1, foul stench 1, spiny 1, rot immunity
a: Berserk, Trog's Hand, Brothers in Arms, Burn Spellbooks, Renounce Religion


You were on level 7 of the Dungeon.
You worshipped Trog.
Trog was greatly pleased with you.
You were very hungry.

You visited 1 branch of the dungeon, and saw 7 of its levels.
You also visited: Sewer.

You collected 340 gold pieces.

Inventory:

Hand Weapons
 m - a +0 war axe
 D - a +0 war axe (weapon)
Armour
 b - a +1 leather armour of positive energy (worn)
 q - a +2 cloak (worn)
 y - a +0 leather armour
 A - a +0 leather armour
 F - a +0 plate armour
Jewellery
 j - a ring of wizardry (left hand)
 u - a cursed ring of protection from fire {unknown}
Wands
 h - a wand of random effects (15)
 s - a wand of polymorph (15)
 x - a wand of digging (13)
Scrolls
 d - 6 scrolls of magic mapping
 e - 6 scrolls of remove curse
 f - a scroll of acquirement {unknown}
 g - 6 scrolls of teleportation {unknown}
 i - 3 scrolls of amnesia {unknown}
 l - 4 scrolls of identify {unknown}
 t - a scroll of enchant armour
 E - a scroll of blinking {unknown}
 J - 2 scrolls of noise {unknown}
Potions
 a - a potion of degeneration {unknown}
 k - 3 potions of lignification
 n - 3 potions of curing {unknown}
 o - 3 potions of heal wounds {unknown}
 p - a potion of invisibility {unknown}
 r - a potion of agility {unknown}
 w - 2 potions of magic {unknown}
 z - 2 potions of flight {unknown}
 B - 3 potions of brilliance {unknown}
 C - a potion of resistance {unknown}
Books
 G - a book of Necromancy

   Spells                             Type                      Level
   a - Pain                           Necromancy                   1
   b - Animate Skeleton               Necromancy                   1
   c - Vampiric Draining              Necromancy                   3
   d - Regeneration                   Charms/Necromancy            3
   e - Animate Dead                   Necromancy                   4
   f - Borgnjor's Vile Clutch         Necromancy/Earth             5
   Trog disapproves of the use of such an item.
 M - a book of Misfortune

   Spells                             Type                      Level
   a - Confusing Touch                Hexes                        1
   b - Confuse                        Hexes                        3
   c - Gell's Gravitas                Translocation                3
   d - Petrify                        Transmutation/Earth          4
   e - Metabolic Englaciation         Hexes/Ice                    5
   f - Yara's Violent Unravelling     Hexes/Transmutation          5
   Trog disapproves of the use of such an item.
Comestibles
 c - 9 rations
 v - 3 chunks of flesh


   Skills:
 + Level 6.4(6.2) Fighting
 + Level 9.4(9.1) Axes
 + Level 4.2(4.0) Armour
 + Level 5.6(5.3) Dodging
 + Level 0.4(0.2) Evocations


You had 8 spell levels left.
You didn't know any spells.

Dungeon Overview and Level Annotations

Branches:
Dungeon (7/15)             Temple (0/1) D:5

Altars:
Ashenzari
Elyvilon
Gozag
Hepliaklqana
Kikubaaqudgha
Qazlal
Ru
Sif Muna
Trog
Wu Jian
Xom
Yredelemnul
The Shining One


Innate Abilities, Weirdness & Mutations

You have large cloven feet.
You are partially covered in yellow scales. (AC +2)
You may emit foul miasma when damaged in melee.
You are partially covered in sharp spines.
You are immune to rotting.


Message History

The orc warrior hits you with a scimitar!
* * * LOW HITPOINT WARNING * * *
You miss the jackal.
You kill the jackal!
Trog accepts your kill.
You closely miss the orc warrior.
The big kobold throws a stone.
The stone barely misses you.
The orc warrior hits you with a scimitar!
* * * LOW HITPOINT WARNING * * *
You emit a cloud of foul miasma!
Your skin crawls.
You feel resistant to hostile enchantments.
You feel quite a bit more hungry.
A red film seems to cover your vision as you go berserk!
You feel yourself moving faster!
You feel mighty!
You are feeling very hungry.
The orc warrior is engulfed in dark miasma.
The orc warrior is poisoned.
The orc warrior hits you with a scimitar!
You die...

))........ ........>.##
#.######## ########...#
#.####################.#.#
#......................#.#
########################.#
# .....# #...###.# .
#...##.....##.# .
#...#.o.....#.#
#(.('@.K....#.#
#...#.......#.# #####
#...##.....##.#
##)..###...# #...###.#
##.....##...# ######.#
#.......#...####......#
#.......'...##......#)#
#.(.....#...##.....##)#
##)....##...#......##.#


You could see an orc warrior and a big kobold.

Vanquished Creatures
  The ghost of bmj180 the Spear-Bearer, a novice MfFi (D:6)
  Sigmund (D:2)
  Menkaure (D:5)
  Edmund (D:5)
  An orc warrior (D:7)
  A phantom (D:5)
  A black bear (D:6)
  Duvessa (D:5)
  2 ogres
  2 centaurs
  A big kobold (Sewer)
  Blork the orc (D:4)
  Dowan (D:5)
  A water moccasin zombie (D:6)
  A wyvern skeleton (D:6)
  A scorpion (D:6)
  6 wights
  A howler monkey (D:5)
  A crimson imp (D:5)
  2 hounds (D:7)
  2 orc wizards
  A gnoll shaman (D:5)
  Crazy Yiuf (D:2)
  2 bullfrog skeletons
  A centaur skeleton (D:4)
  3 iguanas
  Terence (D:3)
  3 worker ants
  Natasha (thrice) (D:4)
  2 hound zombies
  3 gnolls (D:5)
  14 adders
  A howler monkey skeleton (D:7)
  5 river rats
  2 shadow imps (D:6)
  4 oozes
  7 worms
  2 leopard geckos
  9 orcs
  7 ball pythons
  8 bats
  3 giant cockroaches
  4 goblins
  5 hobgoblins
  15 jackals
  11 kobolds
  2 quokkas
  10 frilled lizards
  A leopard gecko zombie (D:5)
  A quokka skeleton (D:4)
  14 rats
175 creatures vanquished.

Vanquished Creatures (others)
  An orc warrior (D:6)
  A centaur (D:6)
  An adder (D:6)
  A leopard gecko (D:6)
4 creatures vanquished.

Grand Total: 179 creatures vanquished

Notes
Turn   | Place    | Note
-------+----------+-------------------------------------------
     0 | D:1      | Mirai the Demonspawn Berserker began the quest for the Orb.
     0 | D:1      | Reached XP level 1. HP: 18/18 MP: 1/1
    94 | D:1      | Gained mutation: You have large cloven feet. [demonic ancestry]
    94 | D:1      | Reached XP level 2. HP: 8/24 MP: 2/2
    96 | D:1      | Reached skill level 3 in Axes
   992 | D:2      | Reached XP level 3. HP: 29/29 MP: 3/3
  1005 | D:2      | Noticed Sigmund
  1005 | D:2      | Found an opulent altar of Gozag.
  1011 | D:2      | Killed Sigmund
  1011 | D:2      | Reached ** piety under Trog
  1011 | D:2      | Reached skill level 4 in Axes
  1011 | D:2      | Reached XP level 4. HP: 37/37 MP: 4/4
  1011 | D:2      | Reached XP level 5. HP: 42/42 MP: 5/5
  1038 | D:2      | Found a sacrificial altar of Ru.
  1589 | D:2      | Found a runed door.
  1593 | D:2      | Noticed Crazy Yiuf
  1598 | D:2      | Killed Crazy Yiuf
  1855 | D:3      | Gained mutation: You are immune to rotting. [demonic ancestry]
  1855 | D:3      | Reached XP level 6. HP: 41/48 MP: 6/6
  1936 | D:3      | Noticed Terence
  1941 | D:3      | Killed Terence
  2052 | D:3      | Found a faded altar of an unknown god.
  2052 | D:3      | Found a faded altar of an unknown god.
  2057 | D:3      | Found a hazy altar of Hepliaklqana.
  2059 | D:3      | Found a shattered altar of Ashenzari.
  2061 | D:3      | Found a stormy altar of Qazlal.
  2203 | D:3      | Found an ancient bone altar of Kikubaaqudgha.
  2490 | D:4      | Reached *** piety under Trog
  2490 | D:4      | Reached skill level 5 in Axes
  2611 | D:4      | Noticed Natasha
  2617 | D:4      | Killed Natasha
  2689 | D:4      | Noticed Natasha
  2697 | D:4      | Killed Natasha
  2697 | D:4      | Gained mutation: You are partially covered in sharp spines. [demonic ancestry]
  2697 | D:4      | Reached XP level 7. HP: 55/55 MP: 7/7
  2757 | D:4      | Noticed Natasha
  2764 | D:4      | Killed Natasha
  3102 | D:4      | Found a white marble altar of Elyvilon.
  3125 | D:4      | Noticed Blork the orc
  3131 | D:4      | Killed Blork the orc
  3131 | D:4      | Reached skill level 6 in Axes
  3419 | D:4      | Found a glowing golden altar of the Shining One.
  3425 | D:4      | Found a bloodstained altar of Trog.
  3435 | D:4      | Found an ornate altar of the Wu Jian Council.
  3513 | D:5      | Entered Level 5 of the Dungeon
  3513 | D:5      | Noticed Duvessa
  3515 | D:5      | Noticed Dowan
  3520 | D:5      | Killed Duvessa
  3522 | D:5      | Killed Dowan
  3522 | D:5      | Reached skill level 5 in Fighting
  3554 | D:5      | Gained mutation: You may emit foul miasma when damaged in melee. [demonic ancestry]
  3554 | D:5      | Reached XP level 8. HP: 35/62 MP: 8/8
  3556 | D:5      | Noticed Edmund
  3572 | D:5      | Killed Edmund
  3595 | D:5      | HP: 1/62 [river rat (4)]
  3601 | D:5      | HP: 1/93 [poisoned by Edmund]
  3702 | D:5      | Reached skill level 7 in Axes
  3728 | D:5      | Found a glowing drain.
  3736 | Sewer    | Entered a sewer
  3944 | Sewer    | Reached **** piety under Trog
  4298 | D:5      | Noticed Menkaure
  4310 | D:5      | Killed Menkaure
  4486 | D:5      | Found a staircase to the Ecumenical Temple.
  5152 | D:6      | Noticed bmj180's ghost (novice MfFi)
  5157 | D:6      | Reached skill level 8 in Axes
  5162 | D:6      | Killed bmj180's ghost
  5162 | D:6      | Reached skill level 5 in Dodging
  5162 | D:6      | Gained mutation: You are partially covered in yellow scales. (AC +2) [demonic ancestry]
  5162 | D:6      | Reached XP level 9. HP: 69/69 MP: 9/9
  5234 | D:6      | Found a basalt altar of Yredelemnul.
  5334 | D:6      | Received a gift from Trog
  5595 | D:6      | Reached skill level 9 in Axes
  5692 | D:6      | Found a shimmering altar of Xom.
  5926 | D:6      | Found a deep blue altar of Sif Muna.
  6421 | D:7      | Slain by an orc warrior

Skill      XL: |  1  2  3  4  5  6  7  8  9 |
---------------+----------------------------+-----
Axes           | 3 4 5 6 8 9 |  9.4
Dodging        | 2 3 5 |  5.6
Fighting       | 4 5 6 |  6.4
Armour         | 2 3 4 |  4.2
Evocations     | |  0.4

Action                   |  1- 3 |  4- 6 |  7- 9 || total
-------------------------+-------+-------+-------++-------
Melee: Hand axe          |    61 |   149 |   164 ||   374
       Kick              |    10 |    44 |    79 ||   133
       War axe           |       |       |   104 ||   104
Invok: Berserk           |     2 |     4 |    11 ||    17
       Trog's Hand       |       |     1 |     1 ||     2
Evoke: Wand              |       |     3 |       ||     3
  Use: Scroll            |       |       |     3 ||     3
       Potion            |       |       |     1 ||     1
  Eat: Chunk             |     1 |    10 |    19 ||    30
       Ration            |       |       |     1 ||     1
Armor: Animal skin       |     1 |       |       ||     1
       Robe              |    19 |       |       ||    19
       Leather armour    |     1 |    47 |    51 ||    99
       Scale mail        |       |     7 |       ||     7
       Skin              |       |       |    10 ||    10
Dodge: Dodged            |    66 |   118 |   165 ||   349
